 Dungeon Crawl Stone Soup version 0.30-a0-989-g0d87f670db (webtiles) character file.

Game seed: 11471668455641638053

1890 mopl the Covert (level 9, -8/54 HPs)
             Began as an Octopode Brigand on Apr 3, 2023.
             Was an Initiate of Dithmenos.
             Mangled by an ogre
             ... wielding a +0 giant club
              (24 damage)
             ... on level 7 of the Dungeon.
             The game lasted 00:06:05 (5204 turns).

mopl the Covert (Octopode Brigand)                  Turns: 5204, Time: 00:06:05

Health: -8/54      AC:  1    Str: 10    XL:     9   Next: 15%
Magic:  10/10      EV: 13    Int: 18    God:    Dithmenos [......]
Gold:   329        SH:  0    Dex: 19    Spells: 9/9 levels left

rFire   . . .      SeeInvis +    a - +2 dagger
rCold   . . .      Faith    .    (no shield)
rNeg    . . .      Spirit   .    (helmet restricted)
rPois   .          Reflect  .    (no amulet)
rElec   .          Rampage  .    r - +6 ring of dexterity
rCorr   .                        m - ring of see invisible
Will    .....                    (no ring)
Stlth   ++++++                   (no ring)
HPRegen 0.29/turn                (no ring)
MPRegen 0.12/turn                (no ring)
                                 (no ring)
                                 (no ring)

@: no status effects
A: almost no armour, amphibious, 8 rings, camouflage 1, gelatinous body 1,
(nimble swimmer 1), tentacles
a: Renounce Religion


You were on level 7 of the Dungeon.
You worshipped Dithmenos.
Dithmenos was noncommittal.
You visited 2 branches of the dungeon, and saw 8 of its levels.

You collected 329 gold pieces.

Inventory:

Hand Weapons
 a - a +2 dagger (weapon)
 x - a +2 short sword of venom
Missiles
 b - 18 poisoned darts (quivered)
 c - a curare-tipped dart
 C - 3 boomerangs
Armour
 D - an orb of guile
Jewellery
 m - a ring of see invisible (right tentacle)
 r - a +6 ring of dexterity (left tentacle)
 E - a +6 ring of strength
Wands
 u - a wand of flame (3)
 w - a wand of iceblast (7)
 F - a wand of charming (3)
Scrolls
 d - 4 scrolls of fear {unknown}
 e - a scroll of brand weapon {unknown}
 f - 2 scrolls of amnesia {unknown}
 j - 7 scrolls of teleportation {unknown}
 k - a scroll of magic mapping {unknown}
 o - 2 scrolls of immolation {unknown}
 q - a scroll of fog {unknown}
 s - a scroll of noise {unknown}
 t - 3 scrolls of identify {unknown}
 y - a scroll of vulnerability {unknown}
Potions
 g - 2 potions of haste {unknown}
 h - a potion of brilliance {unknown}
 i - 2 potions of heal wounds {unknown}
 l - 2 potions of berserk rage {unknown}
 n - a potion of cancellation {unknown}
 p - a potion of lignification {unknown}
 v - 5 potions of curing {unknown}
 z - a potion of magic {unknown}
 A - 3 potions of degeneration {unknown}
 B - 2 potions of ambrosia {unknown}
 G - 2 potions of attraction {unknown}


   Skills:
 + Level 2.2 Fighting
 + Level 6.8 Short Blades
 + Level 6.8 Throwing
 - Level 1.0 Dodging
 + Level 10.8 Stealth
 + Level 0.7 Spellcasting
 + Level 0.9 Invocations


You had 9 spell levels left.
You didn't know any spells.
Your spell library contained the following spells:

 Spells                   Type           Power      Damage    Failure   Level
 Static Discharge         Conj/Air       0%         2-2/arc   30%         2
 Vhi's Electric Charge    Tloc/Air       0%         N/A       52%         3
 Arcjolt                  Conj/Air       0%         1d10      99%         5
 Plasma Beam              Fire/Air       0%         2x1d7     99%         5


Dungeon Overview and Level Annotations

Branches:
Dungeon (7/15)             Temple (1/1) D:7

Altars:
Ashenzari
Cheibriados
Dithmenos
Elyvilon
Fedhas
Gozag
Hepliaklqana
Kikubaaqudgha
Makhleb
Nemelex Xobeh
Qazlal
Trog
Vehumet
Wu Jian
Yredelemnul
Zin
The Shining One

Annotations:
D:7 Pikel


Innate Abilities, Weirdness & Mutations

You cannot wear most types of armour.
You are amphibious.
You can wear up to eight rings at the same time.
Your skin changes colour to match your surroundings (Stealth+).
Your rubbery body absorbs attacks. (AC +1, EV +1)
((You are camouflaged when in or above water. (Stealth+)))
You have tentacles for arms and can constrict up to eight enemies at once.


Message History

v - 5 viscous brown potions (gained 1)
You now have 329 gold pieces (gained 13).
b - 24 poisoned darts (gained 3)
An ogre comes into view. It is wielding a +0 giant club.
You throw a poisoned dart. The poisoned dart hits the ogre!
The ogre is poisoned.
The ogre shouts!
You throw a poisoned dart.
The poisoned dart barely misses the ogre.
You hear a howl! x2
You throw a poisoned dart. The poisoned dart hits the ogre.
The ogre looks even sicker.
You throw a poisoned dart. The poisoned dart hits the ogre!
The ogre looks as sick as possible!
You throw a poisoned dart.
The poisoned dart closely misses the ogre.
A howler monkey comes into view.
You hit the howler monkey. Your grab misses the howler monkey.
The howler monkey is moderately wounded.
You hit the howler monkey. You grab the howler monkey.
The howler monkey is heavily wounded.
You constrict the howler monkey. The howler monkey hits you!
You hit the howler monkey. You squeeze the howler monkey!
You kill the howler monkey!
Dithmenos accepts your kill.
A howler monkey comes into view.
Found a robe.
The ogre hits you with a +0 giant club!!!
Ouch! That really hurt!
* * * LOW HITPOINT WARNING * * *
You see here a howler monkey corpse.
There is a stone staircase leading down here.
Throw: 19 darts (poison)
Press: ? - help, Q - select action, (/) - cycle Shift-Dir - straight line, f/p - ogre
Aim: an ogre, wielding a +0 giant club (almost dead, poisoned, 78% to hit)
You throw a poisoned dart. The poisoned dart hits the ogre!
The ogre looks even sicker.
The ogre is almost dead.
The ogre hits you with a +0 giant club!!
You die...

#..#.#....... ..##...#......
#........##.. ###.##.#.# #
## ###.##.#.##.# ..
....##)#....##############.#
.........#. .........#....#
...###.###.##########...#
... ♣.♣ #...K..@..#...##
####♣♣.♣♣#######O......###
#...............#(.......#
..##♣♣.♣♣#.##.....>.#....#
#.# ♣.♣ #.##.#.#........#
#.# #.# #..#.#.####.....#
#.####.# ##.#.#.# #.....#
.......# #.#.#......#...#
.#####.# #.#)########.###


You could see Pikel and an ogre (very poisoned).

Vanquished Creatures
  Maggie (D:6)
  A troll (D:5)
  A shadow (D:7)
  Sigmund (D:6)
  Eustachio (D:5)
  An orc warrior (D:6)
  A black bear (D:3)
  A centaur (D:7)
  2 lemures (D:7)
  A bullfrog (D:6)
  A scorpion (D:6)
  3 howler monkeys
  Crazy Yiuf (D:3)
  3 hounds
  2 jellies (D:5)
  Robin (D:2)
  3 gnolls (D:6)
  9 adders
  3 white imps
  2 ufetubi (D:5)
  A worm (D:2)
  2 dart slugs
  4 orcs
  7 ball pythons
  4 endoplasms
  5 giant cockroaches
  9 goblins
  9 hobgoblins
  9 jackals
  3 quokkas
  7 bats
  3 frilled lizards
  3 kobolds
  6 rats
111 creatures vanquished.

Vanquished Creatures (others)
  A fungus (D:3)
1 creature vanquished.

Grand Total: 112 creatures vanquished

Notes
Turn   | Place    | Note
-------+----------+-------------------------------------------
     0 | D:1      | mopl the Octopode Brigand began the quest for the Orb.
     0 | D:1      | Reached XP level 1. HP: 14/14 MP: 1/1
   169 | D:1      | Reached XP level 2. HP: 17/19 MP: 2/2
   650 | D:2      | Reached XP level 3. HP: 23/24 MP: 3/3
   786 | D:2      | Reached skill level 6 in Stealth
   820 | D:2      | Noticed Robin
   828 | D:2      | Killed Robin
   829 | D:2      | Reached XP level 4. HP: 11/29 MP: 4/4
   836 | D:2      | Reached skill level 3 in Short Blades
  1093 | D:2      | Reached skill level 3 in Throwing
  1288 | D:2      | Found a faded altar of an unknown god.
  1747 | D:3      | Reached XP level 5. HP: 33/34 MP: 5/5
  1824 | D:3      | Noticed a black bear
  1831 | D:3      | Killed a black bear
  1832 | D:3      | Reached skill level 7 in Stealth
  2025 | D:3      | Reached XP level 6. HP: 34/39 MP: 6/6
  2357 | D:3      | Found a runed translucent door.
  2358 | D:3      | Noticed Crazy Yiuf
  2366 | D:3      | Killed Crazy Yiuf
  2631 | D:4      | Reached skill level 4 in Throwing
  2649 | D:4      | Reached skill level 4 in Short Blades
  2973 | D:4      | Found a glowing golden altar of the Shining One.
  3042 | D:5      | Entered Level 5 of the Dungeon
  3191 | D:5      | Noticed Eustachio
  3198 | D:5      | Killed Eustachio
  3199 | D:5      | Reached skill level 8 in Stealth
  3199 | D:5      | Reached XP level 7. HP: 45/45 MP: 7/7
  3303 | D:5      | Noticed a troll
  3310 | D:5      | HP: 1/45 [troll (13)]
  3344 | D:5      | Killed a troll
  3345 | D:5      | Reached skill level 5 in Short Blades
  3345 | D:5      | Reached skill level 5 in Throwing
  3620 | D:6      | Noticed Maggie
  3627 | D:6      | Killed Maggie
  3628 | D:6      | Reached skill level 9 in Stealth
  3628 | D:6      | Reached XP level 8. HP: 50/50 MP: 8/8
  3925 | D:6      | HP: 1/50 [orc warrior/+0 scimitar (16)]
  3928 | D:6      | Reached skill level 6 in Short Blades
  3928 | D:6      | Reached skill level 6 in Throwing
  4350 | D:6      | Noticed Sigmund
  4361 | D:6      | Killed Sigmund
  4362 | D:6      | Reached skill level 10 in Stealth
  4840 | D:7      | Found a staircase to the Ecumenical Temple.
  4855 | D:7      | Reached XP level 9. HP: 35/54 MP: 9/9
  4865 | Temple   | Entered the Ecumenical Temple
  4965 | Temple   | Became a worshipper of Dithmenos the Shadowed
  5044 | D:7      | Noticed Pikel
  5204 | D:7      | Mangled by an ogre

Illustrated notes

Levels and vault maps discovered:
D:1:      psy_arrival_dodecagon, layout_loops_ring
D:2:      layout_basic, nicolae_ecumenical_snake_handling, st_stairs_11,
          uniq_robin
D:3:      layout_basic, uniq_crazy_yiuf_cottage
D:4:      layout_loops_cross, nicolae_tso_swordbearing_angel
D:5:      layout_rooms, uniq_eustachio
D:6:      hellmonk_crumbling_castle, layout_basic, uniq_sigmund, uniq_maggie
D:7:      layout_basic, nicolae_uskayaw_suspiria,
          minmay_temple_entry_mini_moons, minmay_tree_intersection, uniq_pikel
Temple:   minmay_temple_bridge_d

Skill      XL: |  1  2  3  4  5  6  7  8 |
---------------+-------------------------+-----
Stealth        | 6 7 8 9 10 | 10.8
Short Blades   | 3 4 5 6 |  6.8
Throwing       | 3 4 5 6 |  6.8
Fighting       | |  2.2
Dodging        | |  1.0
Spellcasting   | |  0.7
Invocations    | |  0.9

Action                     |  1- 3 |  4- 6 |  7- 9 || total
---------------------------+-------+-------+-------++-------
  Melee: Dagger            |    59 |   110 |    64 ||   233
         Constrict         |    14 |    21 |    15 ||    50
         Tentacles         |    13 |    20 |    22 ||    55
         Punch             |     1 |     1 |     1 ||     3
  Throw: Dart              |       |     1 |    29 ||    30
  Evoke: Wand              |       |       |     3 ||     3
   Stab: Sleeping          |     7 |    23 |     6 ||    36
 Armour: Skin              |     6 |     4 |     1 ||    11
  Dodge: Dodged            |    41 |    37 |    37 ||   115

Table legend: (Time is in decaauts)
 A = Elapsed time spent in this place.
 B = Non-inter-level travel time spent in this place.
 C = Inter-level travel time spent in this place.
 D = Time resting spent in this place.
 E = Time spent auto-exploring this place.
 F = Levels seen in this place.
 G = Mean time per level.
                   A        B        C        D        E       F      G
               +--------+--------+--------+--------+--------+-----+--------+
         Total |   5147 |   4816 |    331 |    622 |   3408 |   8 |  643.4 |
       Dungeon |   4971 |   4748 |    223 |    622 |   3346 |   7 |  710.1 |
        Temple |    175 |     67 |    108 |      0 |     62 |   1 |  175.0 |
               +--------+--------+--------+--------+--------+-----+--------+

Top non-repeatable levels by time:
     D:6: 1056 daAuts
     D:3: 897 daAuts
     D:2: 853 daAuts
     D:4: 636 daAuts
     D:1: 628 daAuts
     D:5: 560 daAuts
     D:7: 338 daAuts
  Temple: 175 daAuts
